 Dungeon Crawl Stone Soup version 0.31-a0-819-gf6de2f5ab6 (webtiles) character file.

Game seed: 15178043010137056853

100 Kurtz the Chopper (level 4, -2/31 HPs)
             Began as an Octopode Fighter on Sept 25, 2023.
             Slain by Menkaure (20 damage)
             ... on level 4 of the Dungeon.
             The game lasted 00:01:15 (2502 turns).

Kurtz the Chopper (Octopode Fighter)                Turns: 2502, Time: 00:01:15

Health: -2/31      AC:  1    Str: 15    XL:     4   Next: 74%
Magic:  0/4        EV: 13    Int: 10    God:
Gold:   188        SH:  4    Dex: 13    Spells: 3/3 levels left

rFire   . . .        a - +0 war axe
rCold   . . .        b - +0 buckler
rNeg    . . .        (helmet restricted)
rPois   .            r - amulet of guardian spirit
rElec   .            (no ring)
rCorr   .            (no ring)
SInv    .            (no ring)
Will    .....        (no ring)
Stlth   ++           (no ring)
HPRegen 0.25/turn    (no ring)
MPRegen 0.09/turn    (no ring)
                     (no ring)

%: guardian spirit
@: no status effects
A: almost no armour, amphibious, 8 rings, camouflage 1, gelatinous body 1,
(nimble swimmer 1), tentacles
a: no special abilities


You were on level 4 of the Dungeon.
You visited 1 branch of the dungeon, and saw 4 of its levels.

You collected 188 gold pieces.

Inventory:

Hand Weapons
 a - a +0 war axe (weapon)
Missiles
 q - 5 poisoned darts
Armour
 b - a +0 buckler (worn)
Jewellery
 r - an amulet of guardian spirit (around mantle)
Scrolls
 d - 2 scrolls of amnesia {unknown}
 e - 2 scrolls of identify {unknown}
 g - a scroll of noise {unknown}
 h - 2 scrolls of enchant weapon {unknown}
 j - a scroll of blinking {unknown}
 l - a scroll of poison {unknown}
 p - a scroll of fear {unknown}
Potions
 c - a potion of might
 f - a potion of haste {unknown}
 i - a potion of invisibility {unknown}
 k - a potion of enlightenment {unknown}
 m - a potion of resistance {unknown}
 n - a potion of ambrosia {unknown}
 o - 2 potions of curing {unknown}
 s - a potion of berserk rage {unknown}


   Skills:
 - Level 3.0 Fighting
 * Level 4.8 Axes
 - Level 3.0 Dodging
 - Level 3.0 Shields


You had 3 spell levels left.
You didn't know any spells.
Your spell library was empty.

Dungeon Overview and Level Annotations

Branches:
Dungeon (4/15)
 Temple: D:4-7

Altars:
Fedhas
Makhleb
Nemelex Xobeh

Annotations:
D:4 Menkaure


Innate Abilities, Weirdness & Mutations

You cannot wear most types of armour.
You are amphibious.
You can wear up to eight rings at the same time.
Your skin changes colour to match your surroundings (Stealth+).
Your rubbery body absorbs attacks. (AC +1, EV +1)
((You are camouflaged when in or above water. (Stealth+)))
You have tentacles for arms and can constrict up to eight enemies at once.


Message History

A kobold is nearby!
Found an inky potion.
A kobold is nearby!
A kobold is nearby!
Unknown command.
A kobold is nearby!
A kobold is nearby!
A kobold is nearby!
The helpless kobold fails to defend itself.
You hit the kobold but do no damage. You grab the kobold.
You constrict the kobold, but do no damage.
The kobold hits you with a +0 dagger.
A kobold is nearby!
You hit the kobold.
You kill the kobold!
HP restored.
A goblin is nearby!
You now have 188 gold pieces (gained 8).
o - 2 inky potions (gained 1) No target in view!
You see here a scroll labelled TIGHUKK BESACE.
Menkaure, Prince of Dust comes into view.
Menkaure is nearby!
Found a burning altar of Makhleb.
Menkaure shouts!
There are monsters nearby!
You slash the hobgoblin!
You kill the hobgoblin!
Menkaure gestures at you while chanting.
Pain shoots through your body!
Menkaure is nearby!
Menkaure is nearby!
Unknown command.
Okay, then.
Menkaure hits you.
You slash Menkaure! Your grab misses Menkaure.
Menkaure is moderately damaged.
Menkaure hits you!!
Ouch! That really hurt!
You die...

.###.......# #_# ##...
.#####.....###.###.....
..#.#.).....##.#.......o.
.......##..###.#.........
..##...##..###.#.........
.###...#...##..†.........
####.......?...#..#.g....
......#....#....###......
......#..####...@.....#
.....###.####?#.M<..###
.......#...##.###....#
#..##.........# #.....#
#............## #......#
##..<.###.... ....#..#
###### .... ....##... ..
...## ... #..## ..


You could see Menkaure.

Vanquished Creatures
  A gnoll (D:1)
  3 adders
  3 orcs (D:3)
  8 endoplasms
  2 giant cockroaches
  6 goblins
  5 hobgoblins
  5 jackals
  8 kobolds
  2 quokkas (D:2)
  4 ball pythons
  A bat (D:3)
  3 frilled lizards
  5 rats
56 creatures vanquished.

Notes
Turn   | Place    | Note
-------+----------+-------------------------------------------
     0 | D:1      | Kurtz the Octopode Fighter began the quest for the Orb.
     0 | D:1      | Reached XP level 1. HP: 16/16 MP: 1/1
   141 | D:1      | Reached XP level 2. HP: 16/21 MP: 2/2
   184 | D:1      | Reached skill level 3 in Axes
   486 | D:1      | Reached XP level 3. HP: 26/26 MP: 3/3
  1238 | D:2      | Reached skill level 4 in Axes
  1443 | D:2      | Reached XP level 4. HP: 31/31 MP: 4/4
  1478 | D:2      | Found a blossoming altar of Fedhas.
  1917 | D:3      | Found a sparkling altar of Nemelex Xobeh.
  2496 | D:4      | Noticed Menkaure
  2497 | D:4      | Found a burning altar of Makhleb.
  2502 | D:4      | Slain by Menkaure

Illustrated notes

Levels and vault maps discovered:
D:1:      tarquinn_simple_flora_water_d, layout_loops_cross
D:2:      layout_basic, basic_altar
D:3:      layout_basic, nemelex_dance_club_becter, serial_aquarium,
          aquarium_bridge_long_separate [aquarium_subvault_bridge,
          aquarium_subvault_balcony, aquarium_subvault_wall,
          aquarium_subvault_bridge, aquarium_subvault_bridge,
          aquarium_subvault_bridge], aquarium_bridge_square
          [aquarium_subvault_window, aquarium_subvault_wall,
          aquarium_subvault_wall, aquarium_subvault_bridge],
          aquarium_window_corner, aquarium_window_2, aquarium_view_2c,
          aquarium_view_2b, roderic_serpentine_path, corexii_corridor_pit,
          minmay_bisected
D:4:      layout_cave_pools, makhleb_altar_promises_db, minivault_5,
          uniq_menkaure

Skill      XL: |  1  2  3 |
---------------+----------+-----
Axes           | 3 4 |  4.8
Fighting       | |  3.0
Dodging        | |  3.0
Shields        | |  3.0

Action                     |  1- 3 |  4- 6 || total
---------------------------+-------+-------++-------
  Melee: War axe           |    54 |    36 ||    90
         Tentacles         |    13 |     8 ||    21
         Constrict         |    12 |     9 ||    21
   Stab: Sleeping          |     5 |     3 ||     8
 Armour: Skin              |    19 |    11 ||    30
  Dodge: Dodged            |    30 |    17 ||    47
  Block: Buckler           |    12 |     5 ||    17

Table legend: (Time is in decaauts)
 A = Elapsed time spent in this place.
 B = Non-inter-level travel time spent in this place.
 C = Inter-level travel time spent in this place.
 D = Time resting spent in this place.
 E = Time spent auto-exploring this place.
 F = Levels seen in this place.
 G = Mean time per level.
                   A        B        C        D        E       F      G
               +--------+--------+--------+--------+--------+-----+--------+
         Total |   2532 |   2406 |    126 |    491 |   1549 |   4 |  633.0 |
       Dungeon |   2532 |   2406 |    126 |    491 |   1549 |   4 |  633.0 |
               +--------+--------+--------+--------+--------+-----+--------+

Top non-repeatable levels by time:
     D:1: 1046 daAuts
     D:3: 810 daAuts
     D:2: 595 daAuts
     D:4: 80 daAuts
